 Dungeon Crawl Stone Soup version 0.30-a0-778-g2ef04afb54 (webtiles) character file.

Game seed: 13287698067928329019

105 bande the Covered (level 4, 0/29 HPs)
             Began as a Gargoyle Fighter on Feb 15, 2023.
             Killed from afar by an orc wizard (6 damage)
             ... with a magic dart
             ... on level 3 of the Dungeon.
             The game lasted 00:02:57 (1748 turns).

bande the Covered (Gargoyle Fighter)                Turns: 1748, Time: 00:02:58

Health: 0/29       AC: 15    Str: 20    XL:     4   Next: 83%
Magic:  4/4        EV:  9    Int:  8    God:
Gold:   167        SH:  0    Dex: 11    Spells: 3/3 levels left

rFire   . . .      SeeInvis .    a - +0 war axe
rCold   . . .      Faith    .    c - +0 buckler
rNeg    + . .      Spirit   .    b - +0 scale mail
rPois   ∞          Reflect  .    (no helmet)
rElec   +          Harm     .    (no cloak)
rCorr   .          Rampage  .    e - +0 pair of gloves
Will    .....                    (no boots) Stlth
                                 (no amulet)
HPRegen 0.24/turn                j - +4 ring of protection
MPRegen 0.09/turn                (no ring)

@: confused
A: sickness immunity, AC +3, negative energy resistance 1, electricity
resistance, torment resistance 1, petrification resistance
a: no special abilities


You were on level 3 of the Dungeon.
You visited 1 branch of the dungeon, and saw 3 of its levels.

You collected 167 gold pieces.

Inventory:

Hand Weapons
 a - a +0 war axe (weapon)
Missiles
 g - 4 boomerangs of dispersal (quivered)
Armour
 b - a +0 scale mail (worn)
 c - a +0 buckler (worn)
 e - a +0 pair of gloves (worn)
Jewellery
 j - a +4 ring of protection (left hand)
Scrolls
 f - 2 scrolls of teleportation
Potions
 d - 3 potions of might
 h - a potion of berserk rage {unknown}
 i - a potion of heal wounds
 k - 4 potions of curing
 m - a potion of invisibility


   Skills:
 + Level 3.8 Fighting
 + Level 3.2 Axes
 + Level 3.9 Armour
 + Level 3.9 Shields


You had 3 spell levels left.
You didn't know any spells.
Your spell library contained the following spells:

 Spells                   Type           Power      Damage    Failure   Level
 Beastly Appendage        Tmut           0%         N/A       85%         1
 Poisonous Vapours        Pois/Air       0%         N/A       94%         2
 Wereblood                Tmut           0%         N/A       94%         2
 Mephitic Cloud           Conj/Pois/Air  0%         N/A       99%         3
 Spider Form              Tmut/Pois      0%         N/A       99%         3
 Stone Arrow              Conj/Erth      0%         3d7       99%         3
 Animate Armour           Summ/Erth      0%         N/A       100%        4
 Lehudib's Crystal Spear  Conj/Erth      0%         10d2      100%        8
 Cigotuvi's Dreadful Rot  Necr/Pois/Air  Unusable   N/A       N/A         2

Dungeon Overview and Level Annotations

Branches:
Dungeon (3/15)

Altars:
Kikubaaqudgha
Sif Muna

Shops:
D:3 **

Annotations:
D:3 2 transporters, olddryhag's ghost, amateur DsWn


Innate Abilities, Weirdness & Mutations

You are immune to sickness and miasma.
Your stone body is resilient. (AC +3)
You are immune to poison.
You resist negative energy. (rN+)
You are resistant to electric shocks. (rElec)
You are resistant to unholy torment.
You are immune to petrification.


Message History

You closely miss the orc wizard. You hit something.
The orc wizard hits you but does no damage.
Something hits you but does no damage.
You hit the orc wizard.
The orc wizard is moderately wounded.
You slash something! Something hits you but does no damage.
The orc wizard hits you but does no damage.
Something hits you but does no damage.
The orc wizard points at you and mumbles some strange words.
You are confused.
The orc wizard casts a spell at you. You resist with some effort.
You miss something. Something hits you but does no damage. Something hits you.
You're too confused to move!
The orc wizard barely misses you.
You hear some strange, mumbled words.
A magic dart appears from out of thin air!
The magic dart hits you.
You bump into the stone wall.
The orc wizard barely misses you. Something hits you but does no damage.
You barely miss the orc wizard.
The orc wizard is moderately wounded.
You barely miss something.
The orc wizard hits you but does no damage.
You hear some strange, mumbled words.
You are more confused.
You miss the orc wizard.
The orc wizard is moderately wounded.
You closely miss something. Something hits you but does no damage.
The orc wizard gestures at you while chanting.
The magic dart hits you! Something hits you.
The orc wizard casts a spell at you. The puff of flame hits you!
* * * LOW HITPOINT WARNING * * *
You're too confused to move!
The orc wizard hits you but does no damage.
You hear some strange, mumbled words.
A magic dart appears from out of thin air!
The magic dart hits you.
You die...

.............#
.............#
####...####### #####
####...# #._ #._.#
.....#'# #.. #.).#
.....#.##+###'###'##
.......#.....).....#
......##....⌠.⌠o...#
......###....⌠.{@.##
......# ##..⌠.⌠..##
.####.#####.....##
###...[...###.###
###.#####.....# ....
####### >... ####


You could see an orc wizard.

Vanquished Creatures
  2 orc wizards (D:3)
  An adder (D:2)
  2 dart slugs (D:2)
  4 ball pythons
  4 endoplasms
  3 giant cockroaches
  7 goblins
  4 kobolds
  A quokka (D:2)
  8 bats
  3 frilled lizards (D:1)
  4 rats
43 creatures vanquished.

Notes
Turn   | Place    | Note
-------+----------+-------------------------------------------
     0 | D:1      | bande the Gargoyle Fighter began the quest for the Orb.
     0 | D:1      | Reached XP level 1. HP: 14/14 MP: 1/1
    96 | D:1      | Reached XP level 2. HP: 16/19 MP: 2/2
   404 | D:1      | Found a faded altar of an unknown god.
   655 | D:1      | Reached XP level 3. HP: 18/23 MP: 3/3
  1435 | D:3      | Found Maotown's Assorted Antiques.
  1475 | D:3      | Found a transporter.
  1489 | D:3      | Found a transporter.
  1492 | D:3      | Noticed olddryhag's ghost (amateur DsWn)
  1626 | D:3      | Found Vower's Assorted Antiques.
  1720 | D:3      | Found a shimmering blue altar of Sif Muna.
  1729 | D:3      | Reached XP level 4. HP: 29/29 MP: 4/4
  1732 | D:3      | Found an ancient bone altar of Kikubaaqudgha.
  1748 | D:3      | Killed from afar by an orc wizard

Illustrated notes

Levels and vault maps discovered:
D:1:      mrwooster_arrival_statue, layout_loops_ring, basic_ecumenical_altar,
          chequers_serial_rivers_large_b, st_stairs_13, nrook_campfire
D:2:      layout_rooms
D:3:      layout_basic, palyth_temple_overflow_mages, gammafunk_ghost_arena,
          serial_shops, shop_statue, shop

Skill      XL: |  1  2  3 |
---------------+----------+-----
Axes           | 2 3 |  3.2
Fighting       | |  3.8
Armour         | |  3.9
Shields        | |  3.9

Action                     |  1- 3 |  4- 6 || total
---------------------------+-------+-------++-------
  Melee: War axe           |   140 |    11 ||   151
    Use: Scroll            |     8 |       ||     8
 Armour: Scale mail        |    84 |    13 ||    97
  Dodge: Dodged            |    70 |     3 ||    73
  Block: Buckler           |    24 |     1 ||    25

Table legend: (Time is in decaauts)
 A = Elapsed time spent in this place.
 B = Non-inter-level travel time spent in this place.
 C = Inter-level travel time spent in this place.
 D = Time resting spent in this place.
 E = Time spent auto-exploring this place.
 F = Levels seen in this place.
 G = Mean time per level.
                   A        B        C        D        E       F      G
               +--------+--------+--------+--------+--------+-----+--------+
         Total |   1840 |   1831 |      9 |      0 |   1396 |   3 |  613.3 |
       Dungeon |   1840 |   1831 |      9 |      0 |   1396 |   3 |  613.3 |
               +--------+--------+--------+--------+--------+-----+--------+

Top non-repeatable levels by time:
     D:1: 958 daAuts
     D:2: 538 daAuts
     D:3: 343 daAuts
